 Dungeon Crawl Stone Soup version 0.30.1-4-g462c640d31 (webtiles) character file.

Game seed: 12852034270098367387

327 fireball365 the Chopper (level 6, 0/56 HPs)
             Began as a Hill Orc Fighter on Sept 17, 2023.
             Slain by an ogre
             ... wielding a +0 giant club
              (17 damage)
             ... on level 4 of the Dungeon.
             The game lasted 00:05:07 (2409 turns).

fireball365 the Chopper (Hill Orc Fighter)          Turns: 2409, Time: 00:05:08

Health: 0/56       AC: 12    Str: 21    XL:     6   Next: 50%
Magic:  6/6        EV:  8    Int:  8    God:
Gold:   179        SH:  4    Dex: 10    Spells: 5/5 levels left

rFire   . . .        a - +0 war axe
rCold   . . .        c - +0 buckler
rNeg    . . .        s - +0 chain mail
rPois   .            (no helmet)
rElec   .            (no cloak)
rCorr   .            m - +2 pair of gloves
SInv    +            (no boots)
Will    .....        (no amulet) Stlth
                     o - ring of see invisible
HPRegen 0.29/turn    (no ring)
MPRegen 0.10/turn

%: no passive effects
@: no status effects
A: no striking features
a: no special abilities


You were on level 4 of the Dungeon.
You visited 1 branch of the dungeon, and saw 4 of its levels.

You collected 179 gold pieces.

Inventory:

Hand Weapons
 a - a +0 war axe (weapon)
Missiles
 l - 4 curare-tipped darts (quivered)
 t - 6 poisoned darts
Armour
 c - a +0 buckler (worn)
 m - a +2 pair of gloves (worn)
 s - a +0 chain mail (worn)
Jewellery
 o - a ring of see invisible (left hand)
Wands
 n - a wand of digging (3)
 v - a wand of acid (6)
Scrolls
 e - 4 scrolls of teleportation
 g - 2 scrolls of identify
 h - a scroll of silence {unknown}
 i - a scroll of fear {unknown}
 p - a scroll of acquirement {unknown}
 q - a scroll of summoning {unknown}
 r - a scroll of fog {unknown}
 u - a scroll of blinking {unknown}
 w - 3 scrolls of enchant armour {unknown}
Potions
 d - 2 potions of might
 f - a potion of haste {unknown}
 j - a potion of attraction {unknown}
 k - 3 potions of lignification
 x - a potion of ambrosia {unknown}


   Skills:
 + Level 5.1 Fighting
 + Level 6.2 Axes
 + Level 4.4 Armour
 + Level 0.6 Dodging
 + Level 0.1 Stealth
 + Level 3.7 Shields


You had 5 spell levels left.
You didn't know any spells.
Your spell library was empty.

Dungeon Overview and Level Annotations

Branches:
Dungeon (4/15)
 Temple: D:4-7

Altars:


Message History

You drop a +0 pair of gloves.
You drop a +0 scale mail.
Found a stone staircase leading up.
There is a stone staircase leading up here.
A kobold comes into view. It is wielding a +0 short sword.
The kobold shouts!
The kobold throws a stone.
The stone hits you but does no damage.
Found a stone staircase leading down.
The kobold throws a stone.
You block the stone.
The kobold throws a stone.
You block the stone. The kobold hits you but does no damage.
The kobold closely misses you.
You barely miss the kobold. The kobold barely misses you.
You slash the kobold!
You kill the kobold!
Things that are here:
a +0 short sword; 4 stones; a kobold corpse An ogre comes into view.
It is wielding a +0 giant club.
The ogre shouts!
A ball python comes into view.
The ball python hisses angrily.
You block the ogre's attack.
The ogre hits you with a +0 giant club!!
You hit the ogre.
The ogre is lightly wounded.
You completely miss the ball python. The ball python bites you.
You block the ball python's attack.
You slash the ogre!
The ogre is heavily wounded.
You hit the ball python.
You kill the ball python!
The ogre hits you with a +0 giant club!!
* * * LOW HITPOINT WARNING * * *
You barely miss the ogre.
The ogre is heavily wounded.
You block the ogre's attack.
You slash the ogre!
The ogre is almost dead.
The ogre hits you with a +0 giant club!
You die...

.......###...##.....##[.......
....# ##.....#...#####....#
#..# #..## ##..## ###. ##.##
##..# # ##...###..# #..#..
#.......#...# ##).#.#
....##.....#######...###
.......O.......##.....#
.#...†@.####.........#
.........# #####..>....
.........# #.###### ..........
#.# ...#####... .## .# ..#..
#. .###.. .. . #.. .#


You could see an ogre.

Vanquished Creatures
  An ogre (D:4)
  A scorpion (D:4)
  Ijyb (D:3)
  Natasha (twice) (D:4)
  Robin (D:2)
  2 adders (D:3)
  A worm (D:2)
  2 dart slugs (D:3)
  3 orcs (D:3)
  2 bats
  3 endoplasms
  4 giant cockroaches
  10 hobgoblins
  3 kobolds
  2 quokkas (D:1)
  8 ball pythons
  2 frilled lizards
  15 goblins
  8 rats
71 creatures vanquished.

Vanquished Creatures (others)
  An orc (D:3)
1 creature vanquished.

Grand Total: 72 creatures vanquished

Notes
Turn   | Place    | Note
-------+----------+-------------------------------------------
     0 | D:1      | fireball365 the Hill Orc Fighter began the quest for the
                  | Orb.
     0 | D:1      | Reached XP level 1. HP: 19/19 MP: 1/1
   136 | D:1      | Reached XP level 2. HP: 22/27 MP: 2/2
   165 | D:1      | Found a faded altar of an unknown god.
   683 | D:2      | Reached skill level 3 in Axes
   719 | D:2      | Reached XP level 3. HP: 33/33 MP: 3/3
  1055 | D:2      | Noticed Robin
  1080 | D:2      | Killed Robin
  1081 | D:2      | Reached XP level 4. HP: 12/41 MP: 4/4
  1512 | D:3      | Noticed Ijyb
  1530 | D:3      | Killed Ijyb
  1531 | D:3      | Reached skill level 4 in Axes
  1739 | D:3      | You fall into a shaft and drop 1 floor!
  1779 | D:3      | Reached XP level 5. HP: 46/47 MP: 5/5
  1990 | D:4      | Noticed Natasha
  2000 | D:4      | Killed Natasha
  2138 | D:4      | Noticed Natasha
  2144 | D:4      | Killed Natasha
  2145 | D:4      | Reached skill level 5 in Axes
  2169 | D:4      | Noticed an ogre
  2174 | D:4      | Killed an ogre
  2175 | D:4      | Reached skill level 5 in Fighting
  2175 | D:4      | Reached XP level 6. HP: 40/56 MP: 6/6
  2242 | D:4      | Reached skill level 6 in Axes
  2409 | D:4      | Slain by an ogre

Illustrated notes

Levels and vault maps discovered:
D:1:      mainiacjoe_arrival_reflecting_pool, layout_basic,
          basic_ecumenical_altar, nrook_uturn
D:2:      layout_rooms, minmay_misc_feat_encased, uniq_robin
D:3:      layout_rooms, uniq_ijyb
D:4:      layout_layer_cave, minmay_temple_entry_antechambers, uniq_natasha,
          uniq_blork_the_orc

Skill      XL: |  1  2  3  4  5  6 |
---------------+-------------------+-----
Axes           | 3 4 5 6 |  6.2
Fighting       | 4 5 |  5.1
Armour         | 4 |  4.4
Dodging        | |  0.6
Stealth        | |  0.1
Shields        | |  3.7

Action                     |  1- 3 |  4- 6 || total
---------------------------+-------+-------++-------
  Melee: War axe           |    98 |    84 ||   182
    Use: Potion            |     1 |     1 ||     2
         Scroll            |       |     2 ||     2
 Armour: Scale mail        |    84 |    12 ||    96
         Chain mail        |       |    37 ||    37
  Dodge: Dodged            |    58 |    45 ||   103
  Block: Buckler           |    25 |    21 ||    46
